Map: Orbital Shipyard

Players

State - Winner!

  • Race: Protoss Protoss
  • League: Grandmaster

NaTuRal

  • Race: Terran Terran
  • League: Master

VOD

Have the link to the VOD?

Description

Time

  • Played on: Jan. 6, 2016, 2:51 a.m.
  • Length: 10:48
Show
View Real Time Build Order
Export as new Build Order

State Protoss - Winner!

Build Orders: 1 Gate Expand, Oracle Opening 

Get SALT Encoding   

  12  0:00  Probe (Chrono Boost)  
  13  0:11  Probe (Chrono Boost)  
  14  0:17  Pylon  
  14  0:22  Probe (Chrono Boost)  
  16  0:35  Probe (Chrono Boost)  
  16  0:36  Gateway  
  16  0:43  Assimilator  
  16  0:46  Probe (Chrono Boost)  
  18  0:57  Probe (Chrono Boost)  
  18  1:08  Probe (Chrono Boost)  
  19  1:19  Nexus  
  19  1:27  Cybernetics Core  
  19  1:31  Probe (Chrono Boost)  
  20  1:37  Assimilator  
  20  1:43  Probe (Chrono Boost)  
  20  1:46  Pylon  
  21  1:53  Probe (Chrono Boost)  
  22  2:05  Mothership Core (Chrono Boost)  
  24  2:10  Adept (Chrono Boost)  
  24  2:12  Pylon  
  26  2:24  Probe (Chrono Boost)  
  27  2:31  Probe (Chrono Boost)  
  27  2:34  Probe (Chrono Boost)  
  29  2:42  Probe (Chrono Boost)  
  29  2:43  Stargate  
  30  2:45  Probe (Chrono Boost)  
  30  2:50  Adept  
  33  2:52  Probe (Chrono Boost)  
  33  2:55  Probe (Chrono Boost)  
  35  3:03  Probe (Chrono Boost)  
  36  3:06  Probe (Chrono Boost)  
  36  3:09  Pylon  
  36  3:10  Pylon  
  36  3:11  Pylon  
  36  3:20  Probe x2 (Chrono Boost)  
  38  3:27  Oracle (Chrono Boost)  
  38  3:32  Probe (Chrono Boost)  
  42  3:35  Probe (Chrono Boost)  
  43  3:43  Probe  
  43  3:45  Probe  
  43  3:46  Gateway x2  
  43  3:47  Warp Gate  
  43  3:49  Gateway  
  43  3:55  Probe  
  44  3:59  Probe  
  44  4:00  Oracle (Chrono Boost)  
  46  4:03  Assimilator  
  46  4:07  Probe  
  47  4:10  Probe, Assimilator  
  47  4:16  Pylon  
  48  4:20  Mothership Core (Chrono Boost)  
  48  4:21  Pylon  
  48  4:23  Probe (Chrono Boost)  
  51  4:24  Pylon  
  51  4:35  Probe (Chrono Boost), Oracle  
  54  4:41  Probe (Chrono Boost)  
  56  4:47  Probe (Chrono Boost)  
  56  4:51  Probe (Chrono Boost)  
  58  4:59  Probe (Chrono Boost)  
  59  5:01  Pylon  
  59  5:02  Probe (Chrono Boost)  
  59  5:05  Twilight Council, Forge  
  59  5:06  Oracle, Robotics Facility  
  65  5:18  Nexus  
  65  5:19  Probe (Chrono Boost)  
  65  5:21  Pylon  
  65  5:22  Probe (Chrono Boost)  
  65  5:30  Probe (Chrono Boost)  
  65  5:34  Probe (Chrono Boost)  
  64  5:37  Oracle  
  64  5:40  Probe (Chrono Boost)  
  64  5:41  Blink (Chrono Boost)  
  64  5:42  Gateway  
  65  5:43  Gateway  
  65  5:44  Probe (Chrono Boost)  
  66  5:51  Probe  
  66  5:56  Probe  
  68  6:02  Stalker x2  
  68  6:03  Probe  
  73  6:08  Probe  
  73  6:10  Warp Prism (Chrono Boost)  
  76  6:14  Oracle  
  76  6:15  Probe  
  76  6:18  Stalker  
  82  6:21  Probe  
  83  6:27  Probe  
  83  6:32  Stalker  
  77  6:33  Stalker, Probe  
  77  6:34  Stalker  
  77  6:36  Probe  
  77  6:39  Probe  
  84  6:45  Probe  
  84  6:46  Probe  
  85  6:47  Pylon  
  85  6:52  Probe  
  86  6:55  Stalker x2  
  86  6:56  Stalker  
  92  7:06  Warp Prism (Chrono Boost)  
  92  7:08  Stalker x2  
  96  7:17  Stalker  
  96  7:18  Gateway  
  96  7:20  Gateway  
  98  7:23  Pylon  
  98  7:27  Stalker  
  100  7:30  Pylon  
  100  7:32  Pylon  
  100  7:34  Assimilator  
  96  7:38  Assimilator  
  96  7:41  Stalker x5  
  101  7:55  Immortal  
  101  7:56  Stalker  
  97  7:59  Resonating Glaives  
  97  8:02  Stalker x3  
  97  8:04  Probe x2  
  105  8:08  Stalker x2  
  105  8:12  Probe  
  110  8:16  Probe x2  
  112  8:23  Adept x2  
  112  8:24  Adept x4  
  118  8:40  Stalker x2  
  116  8:54  Stalker x6  
  117  9:03  Adept  
  117  9:04  Adept  
  117  9:07  Nexus  
  118  9:16  Forge  
  120  9:17  Adept x2, Forge  
  120  9:19  Adept x2  
  120  9:20  Probe  
  120  9:22  Probe, Pylon  
  110  9:41  Stalker x4  
  110  9:42  Stalker x3  
  118  9:53  Probe x2  
  118  9:59  Probe  
  125  10:04  Adept x5  
  129  10:07  Adept x2  
  129  10:10  Pylon  
  133  10:22  Adept x3  
  133  10:27  Gateway x2  
  139  10:29  Pylon  
  139  10:30  Adept x4  
  139  10:33  Adept  
Show
View Real Time Build Order
Export as new Build Order

NaTuRal Terran 

Build Orders: Cyclone Opening, MMM Bio 

Get SALT Encoding   

  12  0:00  SCV  
  13  0:13  SCV  
  14  0:17  Supply Depot  
  14  0:25  SCV  
  15  0:39  SCV  
  15  0:41  Barracks  
  16  0:44  Refinery  
  16  0:51  SCV  
  16  0:54  Refinery  
  17  1:03  SCV  
  18  1:15  SCV  
  19  1:28  Marine, Orbital Command  
  19  1:32  Factory  
  20  1:40  Supply Depot  
  20  1:47  Barracks Reactor  
  20  1:54  SCV  
  21  2:07  SCV  
  22  2:15  Factory Tech Lab  
  22  2:19  SCV  
  23  2:24  Marine x2  
  25  2:31  SCV  
  25  2:34  Cyclone  
  29  2:44  Command Center  
  29  2:49  SCV  
  30  2:52  Supply Depot  
  30  3:01  SCV  
  31  3:13  SCV, Marine x2  
  33  3:25  SCV  
  31  3:34  Marine x2  
  31  3:35  Cyclone  
  31  3:37  Supply Depot  
  31  3:38  SCV  
  36  3:47  Supply Depot x2  
  36  4:01  Barracks Reactor  
  36  4:06  Starport  
  36  4:09  SCV  
  40  4:10  Cyclone  
  40  4:21  SCV, Orbital Command  
  41  4:28  Barracks, Liberator  
  41  4:29  Barracks  
  41  4:33  SCV, Refinery  
  41  4:37  Marine x2  
  44  4:45  SCV  
  45  4:47  SCV  
  46  4:55  Marine  
  46  4:58  Marine  
  46  4:59  Cyclone  
  48  5:00  SCV  
  49  5:08  SCV  
  49  5:12  SCV  
  49  5:13  Marine  
  52  5:15  Engineering Bay  
  52  5:16  Marine  
  52  5:17  Supply Depot  
  52  5:18  Barracks Tech Lab  
  52  5:19  Barracks Tech Lab  
  52  5:20  SCV  
  47  5:31  Marine  
  47  5:35  SCV  
  42  5:37  Combat Shields  
  42  5:38  Stimpack, Marine  
  42  5:40  SCV  
  41  5:47  Marine x2  
  43  5:50  SCV  
  43  5:52  SCV  
  45  5:57  Missile Turret, Marine x2  
  45  6:02  Cyclone  
  45  6:04  SCV  
  51  6:05  SCV  
  51  6:07  Marine  
  51  6:08  Marine  
  54  6:16  SCV  
  54  6:17  Supply Depot, Marine  
  56  6:18  Starport Reactor  
  56  6:19  Marine  
  56  6:25  Marine  
  55  6:26  Marine  
  55  6:28  SCV  
  55  6:29  SCV  
  52  6:35  Marine  
  52  6:36  Missile Turret  
  52  6:37  Marine  
  54  6:40  SCV, Cyclone  
  54  6:43  Marine  
  54  6:46  Marine  
  60  6:48  SCV  
  60  6:53  Marine  
  60  6:54  Supply Depot, SCV  
  62  6:55  Marine  
  62  6:58  Medivac x2  
  62  7:00  Marine  
  65  7:04  Marine  
  65  7:06  Terran Infantry Weapons Level 1  
  66  7:09  Supply Depot  
  66  7:11  Marine  
  66  7:12  Marine  
  68  7:18  Marine  
  68  7:22  Marine  
  70  7:24  Cyclone  
  70  7:28  Marine  
  73  7:30  Marine  
  73  7:31  SCV  
  73  7:35  Barracks  
  75  7:37  Barracks  
  75  7:42  Marauder x2  
  79  7:45  SCV  
  79  7:46  Marine  
  79  7:48  Marine  
  73  8:00  Medivac x2  
  73  8:03  Marine x2  
  73  8:04  Marine  
  80  8:06  Marine  
  81  8:16  Supply Depot  
  81  8:17  Siege Tank  
  81  8:18  Command Center  
  83  8:21  Marauder  
  83  8:22  Marine  
  83  8:23  Supply Depot  
  83  8:24  Marine  
  83  8:26  Marine x2  
  85  8:27  Marauder  
  85  8:31  SCV  
  74  8:39  Concussive Shells  
  74  8:40  Marine  
  70  8:41  Marine  
  70  8:42  Marauder  
  70  8:44  Marine x2  
  70  8:47  SCV  
  78  8:48  Marauder  
  73  9:01  Marine  
  74  9:04  Marauder  
  78  9:10  Marauder  
  78  9:12  SCV x2  
  78  9:14  Siege Tank  
  83  9:17  Marine  
  83  9:18  Marine  
  80  9:24  Marine  
  80  9:25  Marauder  
  80  9:30  Marine  
  76  9:32  SCV x2  
  69  9:46  Marauder  
  69  9:49  Marauder  
  69  9:50  Siege Tank  
  69  9:51  SCV  
  75  9:58  Marine  
  78  10:08  Marauder  
  78  10:10  Marine  
  78  10:11  Barracks Reactor, Barracks Tech Lab  
  79  10:16  Marine  
  80  10:22  Supply Depot  
  80  10:23  Supply Depot  
Tags
 
Add a new tag
Caveats
  • Supply blocks, unpowered buildings, or Contaminate may cause inaccurate times.
  • Supply counts are checked every 10 seconds.